[Event "45th FIDE Womens Olympiad 2024"]
[Site "Budapest"]
[Date "2024.09.14"]
[Round "4.158"]
[White "Argote Heredia, Valentina"]
[Black "Silva Rosas, Natalia"]
[Result "1-0"]
[ECO "B01"]
[WhiteElo "2144"]
[BlackElo "1868"]
[PlyCount "89"]
[EventDate "2024.09.05"]
[EventType "team-tourn"]
[EventCountry "HUN"]
[WhiteTeam "Colombia"]
[BlackTeam "Uruguay"]
[WhiteTeamCountry "COL"]
[BlackTeamCountry "URU"]
[TimeControl "40/5400+30:1800+30"]

1. e4 d5 2. exd5 Qxd5 3. Nc3 Qd6 4. d4 c6 5. Nf3 Bg4 6. Bc4 e6 7. Be3 Nf6 8. h3 Bh5 9. g4 Bg6 10. Bb3 Nbd7 11. Qe2 Qc7 12. O-O-O O-O-O 13. Ne5 Nb6 14. h4 Be4 15. Nxe4 Nxe4 16. Bf4 Nf6 17. Ng6 Bd6 18. Bxd6 Qxd6 19. Nxh8 Rxh8 20. g5 Ne8 21. Qe5 Nd7 22. Qe4 Nc7 23. f4 Qb4 24. c3 Qa5 25. Rhf1 Nb5 26. Kb1 Nd6 27. Qd3 Nf5 28. h5 Rd8 29. Qf3 g6 30. hxg6 hxg6 31. Rh1 Nb6 32. Rh7 Rd7 33. Qe4 Kc7 34. Qe5+ Qxe5 35. dxe5 Re7 36. Bc2 Ne3 37. Rd4 Nxc2 38. Kxc2 c5 39. Rd3 Nd5 40. f5 c4 41. Rxd5 exd5 42. fxg6 Rxe5 43. gxf7 Re2+ 44. Kd1 Re7 45. g6 1-0

[Event "45th FIDE Womens Olympiad 2024"]
[Site "Budapest"]
[Date "2024.09.14"]
[Round "4.159"]
[White "Cardozo, Camila"]
[Black "Chirivi C, Jenny Astrid"]
[Result "0-1"]
[ECO "D02"]
[WhiteElo "1673"]
[BlackElo "2120"]
[PlyCount "52"]
[EventDate "2024.09.05"]
[EventType "team-tourn"]
[EventCountry "HUN"]
[WhiteTeam "Uruguay"]
[BlackTeam "Colombia"]
[WhiteTeamCountry "URU"]
[BlackTeamCountry "COL"]
[TimeControl "40/5400+30:1800+30"]

1. d4 d5 2. Bf4 Nf6 3. e3 g6 4. Nf3 Bg7 5. h4 c5 6. c3 Nc6 7. Nbd2 Qb6 8. Qc2 c4 9. b3 Bf5 10. Qc1 cxb3 11. axb3 O-O 12. Be2 Rfc8 13. Qb2 Nd7 14. c4 Nb4 15. O-O Nd3 16. Bxd3 Bxd3 17. Rfc1 dxc4 18. Ne1 e5 19. Nxd3 cxd3 20. dxe5 Qe6 21. Rxc8+ Rxc8 22. Nc4 b5 23. Na3 Nxe5 24. Qb1 d2 25. Nc2 Nd3 26. Rxa7 Nc1 {0-} 0-1

[Event "45th FIDE Womens Olympiad 2024"]
[Site "Budapest"]
[Date "2024.09.14"]
[Round "4.160"]
[White "Lopez Rayo, Isabella"]
[Black "Altesor, Caterina"]
[Result "1-0"]
[ECO "C66"]
[WhiteElo "1952"]
[BlackElo "1741"]
[PlyCount "107"]
[EventDate "2024.09.05"]
[EventType "team-tourn"]
[EventCountry "HUN"]
[WhiteTeam "Colombia"]
[BlackTeam "Uruguay"]
[WhiteTeamCountry "COL"]
[BlackTeamCountry "URU"]
[TimeControl "40/5400+30:1800+30"]

1. e4 e5 2. Nf3 Nc6 3. Bb5 Nf6 4. O-O d6 5. d4 exd4 6. Nxd4 Bd7 7. Nxc6 bxc6 8. Bd3 Be7 9. Nc3 O-O 10. h3 Qc8 11. Qf3 Re8 12. Re1 Be6 13. Bg5 h6 14. Bd2 Rb8 15. b3 Nh7 16. Qg3 Bg5 17. f4 Bf6 18. e5 dxe5 19. fxe5 Bg5 20. Bxh7+ Kxh7 21. Bxg5 hxg5 22. Qxg5 Bf5 23. Qf4 Qe6 24. Ne4 Qg6 25. Ng5+ Kg8 26. c3 f6 27. exf6 gxf6 28. Nf3 Bxh3 29. Nh4 Qg5 30. Qxg5+ fxg5 31. Nf3 Bf5 32. Nxg5 Kg7 33. Nf3 Be4 34. Nd2 Bf5 35. Nc4 Be4 36. Rad1 Bd5 37. Ne3 Rbd8 38. Nxd5 Rxd5 39. Rxe8 Rxd1+ 40. Kh2 Rd2 41. Re7+ Kf6 42. Rxc7 Rxa2 43. Rxc6+ Ke5 44. b4 Ke4 45. b5 Rc2 46. c4 Kd4 47. Rc7 Rxc4 48. Rxc4+ Kxc4 49. g4 Kxb5 50. g5 a5 51. g6 a4 52. g7 a3 53. g8=Q Kb4 54. Qa2 1-0

[Event "45th FIDE Womens Olympiad 2024"]
[Site "Budapest"]
[Date "2024.09.14"]
[Round "4.161"]
[White "Corrales Jimenez, Zenia"]
[Black "Ghitza, Elena"]
[Result "1-0"]
[ECO "B07"]
[WhiteElo "2170"]
[BlackElo "1817"]
[PlyCount "83"]
[EventDate "2024.09.05"]
[EventType "team-tourn"]
[EventCountry "HUN"]
[WhiteTeam "Mexico"]
[BlackTeam "Malta"]
[WhiteTeamCountry "MEX"]
[BlackTeamCountry "MLT"]
[TimeControl "40/5400+30:1800+30"]

1. e4 d6 2. d4 Nf6 3. Nc3 g6 4. Be3 Bg7 5. Qd2 Ng4 6. Bg5 h6 7. Bh4 a6 8. f4 b5 9. Nd5 Nc6 10. Nf3 Nf6 11. Qe3 Bb7 12. Bxf6 Bxf6 13. Nxf6+ exf6 14. O-O-O Qe7 15. d5 Nb8 16. Qd4 Nd7 17. Bd3 O-O-O 18. a4 c6 19. dxc6 Bxc6 20. Qa7 Bb7 21. axb5 axb5 22. Nd4 Nc5 23. Nc6 Qc7 24. Nxd8 Kxd8 25. e5 fxe5 26. fxe5 d5 27. Qa3 Ke7 28. Kd2 Ra8 29. Qc3 Qb6 30. Ke2 Rc8 31. Qb4 Bc6 32. Rhf1 Ke8 33. Qf4 Qc7 34. Qf6 Qd7 35. Qh8+ Ke7 36. Rxf7+ Kxf7 37. Rf1+ Qf5 38. Rxf5+ gxf5 39. Qxc8 Ne6 40. Bxf5 Nd4+ 41. Kd3 Nxf5 42. Qxf5+ 1-0

[Event "45th FIDE Womens Olympiad 2024"]
[Site "Budapest"]
[Date "2024.09.14"]
[Round "4.162"]
[White "Thornton, Filipina"]
[Black "Miranda Rodriguez, Tania"]
[Result "0-1"]
[ECO "E49"]
[WhiteElo "1768"]
[BlackElo "2090"]
[PlyCount "144"]
[EventDate "2024.09.05"]
[EventType "team-tourn"]
[EventCountry "HUN"]
[WhiteTeam "Malta"]
[BlackTeam "Mexico"]
[WhiteTeamCountry "MLT"]
[BlackTeamCountry "MEX"]
[TimeControl "40/5400+30:1800+30"]

1. d4 Nf6 2. c4 e6 3. Nc3 Bb4 4. e3 O-O 5. Bd3 d5 6. a3 Bxc3+ 7. bxc3 c5 8. Ne2 b6 9. cxd5 exd5 10. O-O Ba6 11. Bc2 Qc7 12. Re1 Nc6 13. Ng3 Rfd8 14. Bd2 Na5 15. e4 dxe4 16. Bg5 Bb7 17. Bxf6 gxf6 18. Qg4+ Kh8 19. Qf5 Rd6 20. Nxe4 Qc6 21. f3 Rd5 22. Qh3 f5 23. Ng5 Qg6 24. f4 cxd4 25. Re7 Rf8 26. Rae1 d3 27. Bxd3 Rxd3 28. Qxd3 h6 29. Qh3 Kg8 30. Nf3 Be4 31. Ne5 Qd6 32. Rd7 Qc5+ 33. Kh1 Qf2 34. Qg3+ Qxg3 35. hxg3 f6 36. Ng4 h5 37. Nf2 Re8 38. Nxe4 fxe4 39. Rxa7 f5 40. Rd1 e3 41. Re1 Nc4 42. Rd7 Ra8 43. Ra1 Nd2 44. Rb7 Ne4 45. Kh2 e2 46. Rxb6 Rxa3 47. Rbb1 Rxc3 48. Rb7 Rc8 49. Rb2 Nc3 50. Kg1 Rd8 51. Re1 Rd3 52. Rb3 Rd8 53. Rb2 Rd3 54. Rb3 Rxg3 55. Kf2 Ne4+ 56. Kxe2 Rxb3 57. Ra1 Rb2+ 58. Kf3 Rf2+ 59. Ke3 Rxg2 60. Ra5 Nd6 61. Rd5 Rg6 62. Kf3 Kf7 63. Rd1 h4 64. Rh1 Rg3+ 65. Ke2 h3 66. Kf1 Kg6 67. Rg1 Rxg1+ 68. Kxg1 Kh5 69. Kh2 Kg4 70. Kh1 Kg3 71. Kg1 Ne4 72. Kh1 Nf2+ {0-} 0-1

[Event "45th FIDE Womens Olympiad 2024"]
[Site "Budapest"]
[Date "2024.09.14"]
[Round "4.163"]
[White "Padilla Garcia, Cecilia Xasive"]
[Black "Farrugia, Jamie"]
[Result "1-0"]
[ECO "C46"]
[WhiteElo "1954"]
[BlackElo "1733"]
[PlyCount "115"]
[EventDate "2024.09.05"]
[EventType "team-tourn"]
[EventCountry "HUN"]
[WhiteTeam "Mexico"]
[BlackTeam "Malta"]
[WhiteTeamCountry "MEX"]
[BlackTeamCountry "MLT"]
[TimeControl "40/5400+30:1800+30"]

1. e4 e5 2. Nf3 Nc6 3. Nc3 Bc5 4. Nxe5 Nxe5 5. d4 Bxd4 6. Qxd4 d6 7. Be2 Nf6 8. Bg5 h6 9. Bh4 g5 10. Bg3 Nc6 11. Bb5 Bd7 12. Bxc6 Bxc6 13. e5 dxe5 14. Qxe5+ Qe7 15. O-O Rf8 16. Rfe1 Qxe5 17. Bxe5 O-O-O 18. Bxf6 Rd2 19. Re2 Rxe2 20. Nxe2 g4 21. Nd4 Bd7 22. Bg7 Re8 23. Bxh6 c5 24. Nb3 b6 25. Be3 Bb5 26. a4 Bc4 27. a5 Rd8 28. axb6 axb6 29. Ra8+ Kd7 30. Rxd8+ Kxd8 31. Nd2 Bd5 32. f3 f5 33. fxg4 fxg4 34. Kf2 Ke7 35. Kg3 Be6 36. Ne4 Bf5 37. Kf4 Ke6 38. c3 Bg6 39. b4 cxb4 40. cxb4 Kd5 41. Nf6+ Kc6 42. Kxg4 b5 43. h4 Kd6 44. h5 Bd3 45. h6 Ke7 46. h7 Bxh7 47. Nxh7 Kf7 48. Kf5 Kg7 49. Nf6 Kf7 50. g4 Kg7 51. g5 Kf7 52. g6+ Kg7 53. Ne8+ Kf8 54. Nd6 Kg7 55. Bd4+ Kg8 56. Kf6 Kf8 57. Nf5 Kg8 58. Nh6+ 1-0

[Event "45th FIDE Womens Olympiad 2024"]
[Site "Budapest"]
[Date "2024.09.14"]
[Round "4.164"]
[White "Portelli, Martina"]
[Black "Tec Rodas, Sofia Isavelina"]
[Result "0-1"]
[ECO "C55"]
[WhiteElo "1523"]
[BlackElo "1800"]
[PlyCount "104"]
[EventDate "2024.09.05"]
[EventType "team-tourn"]
[EventCountry "HUN"]
[WhiteTeam "Malta"]
[BlackTeam "Mexico"]
[WhiteTeamCountry "MLT"]
[BlackTeamCountry "MEX"]
[TimeControl "40/5400+30:1800+30"]

1. e4 e5 2. Nf3 Nc6 3. Bc4 Nf6 4. d3 h6 5. c3 d6 6. O-O g5 7. Re1 Bg7 8. Nbd2 g4 9. Nh4 Nxe4 10. dxe4 Qxh4 11. Nf1 Bd7 12. Ng3 O-O 13. Bb5 h5 14. Nf5 Qf6 15. Nxg7 Qxg7 16. Be3 a6 17. Bf1 Ne7 18. Qd2 Kh7 19. c4 Bc6 20. Bd3 Ng6 21. g3 Rae8 22. Rf1 Qf6 23. f4 exf4 24. Rxf4 Nxf4 25. e5+ Nxd3 26. exf6 Ne5 27. Qf2 Nf3+ 28. Kf1 Re6 29. Bd4 Rfe8 30. Bc3 Re2 31. Qxe2 Rxe2 32. Kxe2 Nxh2 33. Kf2 Nf3 34. Rd1 Kg6 35. Rd3 Be4 36. Re3 Kf5 37. b3 h4 38. gxh4 Kf4 39. Rxe4+ Kxe4 40. Kg3 Kf5 41. h5 Ng5 42. h6 Ne4+ 43. Kh4 Kg6 44. Be1 g3 45. Bxg3 Nxg3 46. Kxg3 Kxh6 47. Kf4 Kg6 48. Kg4 Kxf6 49. Kf4 c6 50. a4 d5 51. cxd5 cxd5 52. Ke3 Ke5 {0-} 0-1

[Event "45th FIDE Womens Olympiad 2024"]
[Site "Budapest"]
[Date "2024.09.14"]
[Round "4.165"]
[White "Bwalya Mulwale, Lubuuto"]
[Black "Castillo Beitia, Ashley Alexandra"]
[Result "1-0"]
[ECO "D15"]
[WhiteElo "1852"]
[BlackElo "2071"]
[PlyCount "85"]
[EventDate "2024.09.05"]
[EventType "team-tourn"]
[EventCountry "HUN"]
[WhiteTeam "Zambia"]
[BlackTeam "Panama"]
[WhiteTeamCountry "ZAM"]
[BlackTeamCountry "PAN"]
[TimeControl "40/5400+30:1800+30"]

1. d4 d5 2. c4 c6 3. Nc3 Nf6 4. e3 a6 5. Nf3 b5 6. c5 Bg4 7. Be2 Nbd7 8. Qc2 Qc7 9. Bd2 a5 10. a3 e6 11. O-O Be7 12. e4 dxe4 13. Nxe4 Nd5 14. Bg5 N7f6 15. Bxf6 Nxf6 16. Ng3 O-O 17. h3 Bxf3 18. Bxf3 Rad8 19. Rad1 Rd7 20. Rd2 Rfd8 21. Rfd1 Nd5 22. Ne4 Nf4 23. Kf1 Nd5 24. g3 g6 25. Bg2 Rc8 26. Rd3 Qd8 27. Qd2 b4 28. Qe1 bxa3 29. bxa3 Rb8 30. Nd2 Nc7 31. Nc4 Nb5 32. Nxa5 Na7 33. Bxc6 Rc7 34. d5 Bxc5 35. dxe6 Qf6 36. exf7+ Kg7 37. Rf3 Qb2 38. Nc4 Qc2 39. Qe5+ Kh6 40. Qf4+ Kg7 41. Qxc7 Qxd1+ 42. Kg2 Rf8 43. Qe5+ 1-0

[Event "45th FIDE Womens Olympiad 2024"]
[Site "Budapest"]
[Date "2024.09.14"]
[Round "4.166"]
[White "Chung Hurtado, Yaleika"]
[Black "Likando, Namakau"]
[Result "1-0"]
[ECO "D15"]
[WhiteElo "1832"]
[BlackElo "1746"]
[PlyCount "101"]
[EventDate "2024.09.05"]
[EventType "team-tourn"]
[EventCountry "HUN"]
[WhiteTeam "Panama"]
[BlackTeam "Zambia"]
[WhiteTeamCountry "PAN"]
[BlackTeamCountry "ZAM"]
[TimeControl "40/5400+30:1800+30"]

1. d4 Nf6 2. c4 c6 3. Nf3 d5 4. Nc3 Bg4 5. Ne5 Bf5 6. Qb3 Qb6 7. Qxb6 axb6 8. cxd5 Nxd5 9. Nxd5 cxd5 10. e3 f6 11. Bb5+ Bd7 12. Nxd7 Nxd7 13. Bd2 e6 14. O-O Bd6 15. Rfc1 Ke7 16. a3 Rhc8 17. Kf1 f5 18. h3 Nf6 19. f3 h5 20. Be1 g5 21. Ke2 f4 22. Bf2 h4 23. Bd3 Rc6 24. e4 Bc7 25. e5 Nd7 26. Bb5 Rxc1 27. Rxc1 Rc8 28. Be1 Kd8 29. Bb4 Ra8 30. Be7+ Kxe7 31. Rxc7 Rd8 32. Rxb7 Ke8 33. Bxd7+ Rxd7 34. Rxb6 Ke7 35. Rc6 Rb7 36. b4 Ra7 37. Rc3 Kf7 38. Kd2 Kg6 39. Kc2 Kf5 40. Kb3 g4 41. hxg4+ Kg5 42. b5 h3 43. gxh3 Kh4 44. Kb4 Kxh3 45. b6 Rh7 46. a4 Kg3 47. a5 Kf2 48. a6 Rh3 49. b7 Rxf3 50. Rxf3+ Kxf3 51. b8=Q 1-0

[Event "45th FIDE Womens Olympiad 2024"]
[Site "Budapest"]
[Date "2024.09.14"]
[Round "4.167"]
[White "Mbatha, Constance"]
[Black "Vasquez Jaen, Lourdes Lorena"]
[Result "1-0"]
[ECO "B27"]
[WhiteElo "1799"]
[BlackElo "1821"]
[PlyCount "143"]
[EventDate "2024.09.05"]
[EventType "team-tourn"]
[EventCountry "HUN"]
[WhiteTeam "Zambia"]
[BlackTeam "Panama"]
[WhiteTeamCountry "ZAM"]
[BlackTeamCountry "PAN"]
[TimeControl "40/5400+30:1800+30"]

1. e4 c5 2. Nf3 g6 3. c3 d5 4. exd5 Qxd5 5. Be2 Bg7 6. O-O Nc6 7. Na3 Nf6 8. Nb5 Qd8 9. d4 a6 10. Na3 cxd4 11. cxd4 O-O 12. Be3 b5 13. Rc1 Bb7 14. Ne5 Nb4 15. Qb3 Qd5 16. Bf3 Qxb3 17. axb3 Bxf3 18. Nxf3 Nfd5 19. Nc2 Rac8 20. Nxb4 Nxb4 21. Bd2 Nc2 22. Bc3 b4 23. Rxc2 Rfd8 24. Rfc1 bxc3 25. bxc3 a5 26. Kf1 Rb8 27. Ra1 Rxb3 28. Rxa5 Rc8 29. c4 Rb4 30. Rc5 Rxc5 31. dxc5 Rb8 32. Ne1 Rc8 33. Nd3 Bd4 34. Ke2 Kg7 35. Ra2 Bxc5 36. Nxc5 Rxc5 37. Kd3 Kf6 38. Kd4 Rc7 39. Re2 e6 40. c5 Ke7 41. Kc4 Kd8 42. Ra2 Kc8 43. Ra6 Rb7 44. Ra2 Kc7 45. h4 h6 46. g4 g5 47. hxg5 hxg5 48. Ra8 Rb2 49. f3 Rb1 50. Ra7+ Rb7 51. Ra3 Rb1 52. Ra7+ Rb7 53. Ra8 Rb1 54. Rf8 Rc1+ 55. Kd4 Rd1+ 56. Ke5 Rd5+ 57. Kf6 Rxc5 58. Kxf7 Kd7 59. Kf6 Ra5 60. Rf7+ Kd6 61. Re7 Re5 62. Ra7 Re3 63. Ra6+ Kd7 64. Kxg5 Rxf3 65. Kg6 Rg3 66. g5 Ke7 67. Ra7+ Kf8 68. Kf6 Kg8 69. Re7 Re3 70. Re8+ Kh7 71. g6+ Kh6 72. Rh8# 1-0

[Event "45th FIDE Womens Olympiad 2024"]
[Site "Budapest"]
[Date "2024.09.14"]
[Round "4.168"]
[White "Carrillo Marval, Maria Angelica"]
[Black "Mwale, Naomi"]
[Result "1-0"]
[ECO "C54"]
[WhiteElo "1795"]
[BlackElo "1767"]
[PlyCount "35"]
[EventDate "2024.09.05"]
[EventType "team-tourn"]
[EventCountry "HUN"]
[WhiteTeam "Panama"]
[BlackTeam "Zambia"]
[WhiteTeamCountry "PAN"]
[BlackTeamCountry "ZAM"]
[TimeControl "40/5400+30:1800+30"]

1. e4 e5 2. Nf3 Nc6 3. Bc4 Bc5 4. c3 Nf6 5. d3 h6 6. O-O O-O 7. d4 exd4 8. cxd4 Bb6 9. e5 Nh7 10. d5 Ne7 11. d6 Nc6 12. Nc3 Ng5 13. Nxg5 hxg5 14. Qh5 Nxe5 15. Bxg5 Qe8 16. Nd5 cxd6 17. Nf6+ gxf6 18. Bxf6 1-0

[Event "45th FIDE Womens Olympiad 2024"]
[Site "Budapest"]
[Date "2024.09.14"]
[Round "4.169"]
[White "Georgina Sackie"]
[Black "February, Jesse Nikki"]
[Result "0-1"]
[ECO "A15"]
[WhiteElo "1688"]
[BlackElo "2013"]
[PlyCount "60"]
[EventDate "2024.09.05"]
[EventType "team-tourn"]
[EventCountry "HUN"]
[WhiteTeam "Liberia"]
[BlackTeam "South Africa"]
[WhiteTeamCountry "LBR"]
[BlackTeamCountry "RSA"]
[TimeControl "40/5400+30:1800+30"]

1. c4 e6 2. g3 d5 3. Bg2 Nf6 4. d3 dxc4 5. Qa4+ Bd7 6. Qxc4 Bc6 7. Nf3 Nbd7 8. O-O Be7 9. b4 Nb6 10. Qb3 a6 11. Nc3 Nfd5 12. b5 axb5 13. Nxb5 O-O 14. Nbd4 Ba4 15. Qb2 c5 16. Nb3 Bf6 17. Ne5 c4 18. e4 Nb4 19. Nc5 Nxd3 20. Ncxd3 cxd3 21. f4 Nc4 22. Qc3 d2 23. Qxc4 d1=Q 24. Rxd1 Qxd1+ 25. Kf2 Bxe5 26. fxe5 Rfc8 27. Qf1 Rc2+ 28. Ke3 Rc3+ 29. Kf2 Qd4+ 30. Ke1 Rd3 {0-} 0-1

[Event "45th FIDE Womens Olympiad 2024"]
[Site "Budapest"]
[Date "2024.09.14"]
[Round "4.170"]
[White "Badenhorst, Chloe"]
[Black "Meleh M. Davis"]
[Result "1-0"]
[ECO "B07"]
[WhiteElo "1981"]
[BlackElo "1602"]
[PlyCount "141"]
[EventDate "2024.09.05"]
[EventType "team-tourn"]
[EventCountry "HUN"]
[WhiteTeam "South Africa"]
[BlackTeam "Liberia"]
[WhiteTeamCountry "RSA"]
[BlackTeamCountry "LBR"]
[TimeControl "40/5400+30:1800+30"]

1. e4 d6 2. d4 Nf6 3. Nc3 c6 4. Nf3 Bg4 5. h3 Bh5 6. Bd3 Nbd7 7. Be3 e6 8. Qe2 Be7 9. a3 Qb6 10. Rb1 Qa5 11. g4 Bg6 12. Nd2 O-O 13. f4 h6 14. h4 h5 15. g5 Ng4 16. Nc4 Qd8 17. e5 d5 18. Nd2 c5 19. Nf3 c4 20. Bxg6 fxg6 21. Nh2 Nxh2 22. Qxh2 Rb8 23. Qh3 Rf5 24. Ne2 Nf8 25. Ng3 Rf7 26. O-O b5 27. Bd2 a5 28. Rf3 b4 29. axb4 axb4 30. Rbf1 Qc8 31. Qg2 Ra8 32. Re3 Qc6 33. Qe2 Ra6 34. Bc1 Kh7 35. Qg2 Kg8 36. Qe2 Kh7 37. Qg2 Kg8 38. Qf3 Kh7 39. Qf2 Kg8 40. Qd2 Ra1 41. Qe2 Ra6 42. Qf3 Bd8 43. Bd2 Bb6 44. Ne2 Ra2 45. Bxb4 Rxb2 46. c3 Ra2 47. Ng3 Ra8 48. Qe2 Re8 49. Qc2 Bc7 50. Bxf8 Rexf8 51. Qxg6 Qe8 52. Nxh5 Kh8 53. Ref3 Re7 54. Qxe8 Rexe8 55. Ng3 g6 56. h5 Kg7 57. hxg6 Kxg6 58. Kg2 Rf7 59. Rh1 Rh7 60. Rxh7 Kxh7 61. Ne2 Kg6 62. Rh3 Re7 63. Rh6+ Kg7 64. Kf3 Re8 65. Kg4 Bd8 66. Kh5 Rh8 67. Rxh8 Kxh8 68. Kg6 Kg8 69. f5 exf5 70. Kxf5 Kf7 71. Nf4 1-0

[Event "45th FIDE Womens Olympiad 2024"]
[Site "Budapest"]
[Date "2024.09.14"]
[Round "4.171"]
[White "Abigail Karyah"]
[Black "Klaasen, Robyn Julian"]
[Result "1-0"]
[ECO "D41"]
[WhiteElo "1790"]
[BlackElo "1764"]
[PlyCount "115"]
[EventDate "2024.09.05"]
[EventType "team-tourn"]
[EventCountry "HUN"]
[WhiteTeam "Liberia"]
[BlackTeam "South Africa"]
[WhiteTeamCountry "LBR"]
[BlackTeamCountry "RSA"]
[TimeControl "40/5400+30:1800+30"]

1. d4 d5 2. c4 e6 3. Nc3 Nf6 4. cxd5 Nxd5 5. e4 Nxc3 6. bxc3 c5 7. Nf3 cxd4 8. cxd4 Bb4+ 9. Bd2 Bxd2+ 10. Qxd2 O-O 11. Bc4 Nd7 12. O-O Qf6 13. Rfd1 Nb6 14. Bb3 Rd8 15. Qe2 h6 16. Rac1 Qe7 17. Ne5 Qe8 18. Rc7 Bd7 19. Rxb7 Kh7 20. Qf3 f6 21. Nxd7 Rxd7 22. Rxd7 Qxd7 23. d5 e5 24. Rc1 Rc8 25. Qd1 Qd6 26. h3 Rd8 27. Qd2 Nc8 28. Qa5 Qb6 29. Qxb6 Nxb6 30. Rc7 Nc8 31. Kf1 h5 32. Ke2 Kg8 33. Kd3 Kf8 34. f3 g5 35. Rh7 h4 36. Kc4 Nd6+ 37. Kc5 Nf7 38. d6 Rc8+ 39. Kd5 Kg8 40. d7 Rd8 41. Kc6 Kxh7 42. Bxf7 Kg7 43. Kc7 Rxd7+ 44. Kxd7 Kxf7 45. Kd6 Kg6 46. Ke6 Kg7 47. Ke7 Kg6 48. Kf8 a5 49. a4 f5 50. Ke7 g4 51. Ke6 fxe4 52. fxe4 Kg5 53. Kxe5 g3 54. Kd4 Kf6 55. Kd5 Ke7 56. Ke5 Ke8 57. Ke6 Kd8 58. Kf7 1-0

[Event "45th FIDE Womens Olympiad 2024"]
[Site "Budapest"]
[Date "2024.09.14"]
[Round "4.172"]
[White "Strong, Davida"]
[Black "Princess K. Banney"]
[Result "1-0"]
[ECO "D10"]
[WhiteElo "1733"]
[BlackElo "1447"]
[PlyCount "49"]
[EventDate "2024.09.05"]
[EventType "team-tourn"]
[EventCountry "HUN"]
[WhiteTeam "South Africa"]
[BlackTeam "Liberia"]
[WhiteTeamCountry "RSA"]
[BlackTeamCountry "LBR"]
[TimeControl "40/5400+30:1800+30"]

1. d4 d5 2. c4 c6 3. e3 Nf6 4. Nc3 Bf5 5. cxd5 cxd5 6. Qb3 Qd7 7. Bb5 Nc6 8. Nf3 e6 9. Ne5 Qc7 10. Qa4 Rc8 11. Qxa7 Bd6 12. Bxc6+ bxc6 13. Qxc7 Rxc7 14. a3 c5 15. Nb5 Ke7 16. Nxc7 Bxc7 17. Bd2 cxd4 18. Bb4+ Ke8 19. exd4 Bxe5 20. dxe5 Nd7 21. Rc1 Nb6 22. Rc6 Kd7 23. Rd6+ Kc7 24. Ba5 Rb8 25. Ke2 1-0

[Event "45th FIDE Womens Olympiad 2024"]
[Site "Budapest"]
[Date "2024.09.14"]
[Round "4.173"]
[White "Martynkova, Olena"]
[Black "Feng, Eunice"]
[Result "0-1"]
[ECO "D19"]
[WhiteElo "2176"]
[BlackElo "1974"]
[PlyCount "106"]
[EventDate "2024.09.05"]
[EventType "team-tourn"]
[EventCountry "HUN"]
[WhiteTeam "Lithuania"]
[BlackTeam "Hong Kong, China"]
[WhiteTeamCountry "LTU"]
[BlackTeamCountry "HKG"]
[TimeControl "40/5400+30:1800+30"]

1. d4 d5 2. Nf3 Nf6 3. c4 c6 4. Nc3 dxc4 5. a4 Bf5 6. e3 e6 7. Bxc4 Bb4 8. O-O Nbd7 9. Qe2 Bg6 10. Rd1 O-O 11. Bd3 Bxd3 12. Qxd3 Qe7 13. Na2 Bd6 14. a5 Rfd8 15. Qe2 e5 16. dxe5 Nxe5 17. a6 Nxf3+ 18. Qxf3 bxa6 19. Nc3 Qb7 20. g3 Be5 21. Qe2 c5 22. f3 c4 23. e4 Rxd1+ 24. Nxd1 Rd8 25. Ne3 Qb5 26. Kg2 Rd3 27. Qc2 c3 28. b3 Rd7 29. Nc4 Bd4 30. Bf4 h6 31. Rd1 Qc5 32. Bd6 Rxd6 33. Nxd6 Qxd6 34. Qxc3 Qxg3+ 35. hxg3 Bxc3 36. Rd8+ Kh7 37. Rd6 a5 38. Kf2 Bb4 39. Rd8 Bc5+ 40. Ke2 Nh5 41. g4 Nf4+ 42. Kd2 g6 43. Rc8 Bb6 44. e5 Ne6 45. Kc3 Bd4+ 46. Kc4 Bxe5 47. Kd5 Bf4 48. Ke4 h5 49. gxh5 gxh5 50. Kf5 h4 51. Kg4 Bg3 52. Ra8 Kg6 53. Rxa7 f5+ {0-} 0-1

[Event "45th FIDE Womens Olympiad 2024"]
[Site "Budapest"]
[Date "2024.09.14"]
[Round "4.174"]
[White "Lou, Yuxin"]
[Black "Baginskaite, Kamile"]
[Result "1/2-1/2"]
[ECO "D38"]
[WhiteElo "1654"]
[BlackElo "2103"]
[PlyCount "124"]
[EventDate "2024.09.05"]
[EventType "team-tourn"]
[EventCountry "HUN"]
[WhiteTeam "Hong Kong, China"]
[BlackTeam "Lithuania"]
[WhiteTeamCountry "HKG"]
[BlackTeamCountry "LTU"]
[TimeControl "40/5400+30:1800+30"]

1. d4 Nf6 2. c4 e6 3. Nc3 Bb4 4. Nf3 d5 5. Bg5 h6 6. Bxf6 Qxf6 7. cxd5 exd5 8. Qb3 c5 9. e3 O-O 10. a3 Bxc3+ 11. Qxc3 b6 12. Rc1 c4 13. Be2 Nc6 14. O-O Re8 15. Bd1 b5 16. b3 Bg4 17. h3 Bh5 18. Re1 Re7 19. Nd2 Bxd1 20. Rcxd1 Rae8 21. Nf1 Qd6 22. bxc4 bxc4 23. Ng3 Rb7 24. e4 Rb3 25. Qc2 g6 26. exd5 Rxe1+ 27. Rxe1 Qxd5 28. Rc1 c3 29. Ne4 Qc4 30. Nd2 cxd2 31. Qxc4 dxc1=Q+ 32. Qxc1 Nxd4 33. Qd1 Nf3+ 34. gxf3 Rxa3 35. Qd8+ Kg7 36. Kg2 Ra4 37. Qe8 Ra5 38. f4 h5 39. Qc8 Rf5 40. Kg3 a5 41. Qc3+ Kh7 42. Qc4 Kg7 43. Qd4+ Kh7 44. Kf3 Kg8 45. Qd8+ Kg7 46. Ke4 Rb5 47. h4 Rf5 48. Qb8 Rc5 49. Kd4 Rf5 50. Ke3 Rd5 51. Qb6 Rf5 52. Qc6 Kh7 53. Ke4 Kg7 54. Qc3+ Kh7 55. Qa3 Kg7 56. Qa4 Kh7 57. Qd7 Kg7 58. Qd4+ Kh7 59. Qd8 Kg7 60. Qd4+ Kh7 61. Qd8 Kg7 62. Qd4+ Kh7 1/2-1/2

[Event "45th FIDE Womens Olympiad 2024"]
[Site "Budapest"]
[Date "2024.09.14"]
[Round "4.175"]
[White "Simkunaite, Gabija"]
[Black "Leung, Hoi Ting"]
[Result "1-0"]
[ECO "C01"]
[WhiteElo "2005"]
[BlackElo "1619"]
[PlyCount "81"]
[EventDate "2024.09.05"]
[EventType "team-tourn"]
[EventCountry "HUN"]
[WhiteTeam "Lithuania"]
[BlackTeam "Hong Kong, China"]
[WhiteTeamCountry "LTU"]
[BlackTeamCountry "HKG"]
[TimeControl "40/5400+30:1800+30"]

1. e4 e6 2. d4 d5 3. exd5 exd5 4. Nf3 Nf6 5. Bd3 Bd6 6. Qe2+ Qe7 7. Qxe7+ Bxe7 8. Bf4 c6 9. Nbd2 Be6 10. O-O h6 11. Rfe1 Nbd7 12. Bg3 O-O 13. c3 Rfe8 14. Re2 Nh5 15. Rae1 Nxg3 16. hxg3 Kf8 17. Nh4 Bxh4 18. gxh4 Bg4 19. f3 Rxe2 20. Rxe2 Be6 21. Nb3 a5 22. a4 b6 23. Kf2 Re8 24. Nc1 Nf6 25. b4 axb4 26. cxb4 Bd7 27. Ra2 Ra8 28. a5 bxa5 29. bxa5 Ra7 30. a6 Ke7 31. Rb2 Bc8 32. Nb3 Kd6 33. Nc5 Nd7 34. Bf5 Nxc5 35. dxc5+ Kxc5 36. Bxc8 d4 37. Bb7 Kc4 38. Rc2+ Kb3 39. Rxc6 d3 40. Ke3 d2 41. Kxd2 1-0

[Event "45th FIDE Womens Olympiad 2024"]
[Site "Budapest"]
[Date "2024.09.14"]
[Round "4.176"]
[White "Liang, Liyun"]
[Black "Sibajeva, Marija"]
[Result "0-1"]
[ECO "B41"]
[WhiteElo "1463"]
[BlackElo "2007"]
[PlyCount "66"]
[EventDate "2024.09.05"]
[EventType "team-tourn"]
[EventCountry "HUN"]
[WhiteTeam "Hong Kong, China"]
[BlackTeam "Lithuania"]
[BlackTeamCountry "LTU"]
[TimeControl "40/5400+30:1800+30"]

1. e4 c5 2. Nf3 e6 3. d4 cxd4 4. Nxd4 a6 5. c4 Nf6 6. Nc3 Bb4 7. a3 Bxc3+ 8. bxc3 Qa5 9. Bd2 Nxe4 10. Qc2 Nxd2 11. Qxd2 O-O 12. Bd3 Nc6 13. Nf3 Ne5 14. Be2 Nxf3+ 15. gxf3 d5 16. Rg1 dxc4 17. Rd1 Qe5 18. Rg5 Qf6 19. Bxc4 Bd7 20. Ke2 Bc6 21. Qe3 Bxf3+ 22. Qxf3 Qxg5 23. Bd3 Rad8 24. h4 Qf6 25. Qe4 g6 26. Rg1 Qxc3 27. h5 Rd4 28. Qf3 Rfd8 29. hxg6 Qxd3+ 30. Qxd3 Rxd3 31. gxh7+ Kxh7 32. Rb1 b5 33. Rb4 Rxa3 {0-} 0-1